 Dungeon Crawl Stone Soup version 0.30-a0-711-gf4ac18a38d (webtiles) character file.

Game seed: 3360318090743230799

331 Spectrina the Poker (level 6, -1/35 (44) HPs)
             Began as a Merfolk Reaver on Jan 22, 2023.
             Slain by a lemure (3 damage)
             ... led by Pikel
             ... on level 7 of the Dungeon.
             The game lasted 00:23:31 (1663 turns).

Spectrina the Poker (Merfolk Reaver)                Turns: 1663, Time: 00:23:31

HP:   -1/35 (44)    AC:  5    Str: 12    XL:     6   Next: 51%
MP:   7/10          EV: 12    Int: 14    God:
Gold: 167           SH:  0    Dex: 13    Spells: 0/10 levels left

rFire   . . .      SeeInvis .    r - +1 quarterstaff (drain)
rCold   . . .      Faith    .    (shield currently unavailable)
rNeg    . . .      Spirit   .    b - +0 leather armour
rPois   +          Reflect  .    (no helmet)
rElec   .          Harm     .    (no cloak)
rCorr   .          Rampage  .    (no gloves)
Will    .....                    o - +1 pair of boots
Stlth   +                        (no amulet)
HPRegen 0.25/turn                i - ring of poison resistance
MPRegen 0.12/turn                (no ring)

@: mighty, heavily drained
A: (nimble swimmer 2), mertail
a: no special abilities


You were on level 7 of the Dungeon.
You visited 1 branch of the dungeon, and saw 9 of its levels.

You collected 167 gold pieces.

Inventory:

Hand Weapons
 a - a +0 spear
 f - a +0 sling
 q - a +0 shortbow
 r - a +1 quarterstaff of draining (weapon)
 u - a +0 arbalest
Missiles
 d - 4 boomerangs (quivered)
 s - 4 javelins
Armour
 b - a +0 leather armour (worn)
 o - a +1 pair of boots (worn)
Jewellery
 i - a ring of poison resistance (left hand)
 j - a ring of ice
Wands
 l - a wand of flame (5)
Scrolls
 c - 2 scrolls of vulnerability
 e - a scroll of blinking {unknown}
 g - a scroll of fog
 h - a scroll of immolation {unknown}
 k - a scroll of enchant weapon {unknown}
 m - a scroll of amnesia {unknown}
 p - 2 scrolls of noise
Potions
 n - a potion of flight


   Skills:
 - Level 2.1 Fighting
 - Level 6.0 Polearms
 - Level 2.6 Dodging
 + Level 0.6 Stealth
 + Level 2.8 Spellcasting
 + Level 3.1 Conjurations
 + Level 1.6 Necromancy
 + Level 1.7 Air Magic
 + Level 2.3 Poison Magic


You couldn't memorise any spells.
You knew the following spells:

 Your Spells              Type           Power      Damage    Failure   Level
a - Poisonous Vapours     Pois/Air       14%        N/A       19%         2
f - Momentum Strike       Conj/Tloc      12%        3d8       22%         2
p - Mephitic Cloud        Conj/Pois/Air  8%         N/A       30%         3
q - Kiss of Death         Conj/Necr      32%        2d7       11%         1
r - Cigotuvi's Dreadful   Necr/Pois/Air  14%        N/A       19%         2

Your spell library contained the following spells:

 Spells                   Type           Power      Damage    Failure   Level
 Shock                    Conj/Air       32%        1d5       11%         1
 Swiftness                Air            6%         N/A       38%         3
 Hailstorm                Conj/Ice       6%         3d4       41%         3
 Call Canine Familiar     Summ           2%         N/A       63%         3
 Portal Projectile        Hex/Tloc       4%         N/A       63%         3
 Airstrike                Air            3%         2d(1-17)  80%         4
 Leda's Liquefaction      Hex/Erth       1%         N/A       95%         4


Dungeon Overview and Level Annotations

Branches:
Dungeon (9/15)
 Temple: D:4-7         Lair: D:8-11         Orc: D:9-12

Altars:

Shops:
D:7 :

Annotations:
D:7 Pikel


Innate Abilities, Weirdness & Mutations

((You are very nimble when in or above water. (Stealth+, EV+, Speed+++)))
Your lower body shifts to a powerful aquatic tail in water.


Message History

The orc wizard hits you with a +0 dagger.
The orc is engulfed in noxious fumes.
The orc appears confused.
The orc closely misses the orc wizard.
The orc is engulfed in noxious fumes.
The orc appears confused.
The orc misses Pikel.
Pikel is engulfed in noxious fumes.
Pikel appears confused.
Pikel hits the orc with a +1 whip of flaming!
Pikel burns the orc.
The orc is killed!
Unknown command.
Unknown command.
You closely miss the orc wizard. The lemure misses you.
The orc wizard barely misses you.
Pikel is engulfed in noxious fumes.
Pikel appears confused.
The orc is engulfed in noxious fumes.
The orc appears confused.
The orc misses you.
Unknown command.
You thump the orc wizard! You drain the orc wizard.
The orc wizard is almost dead.
Pikel is engulfed in noxious fumes.
Pikel appears confused.
Pikel barely misses the lemure.
Pikel hits himself with a +1 whip of flaming.
Pikel burns himself.
The lemure hits you!
The orc is engulfed in noxious fumes.
The orc appears confused.
The orc closely misses the lemure.
The orc barely misses itself.
The orc wizard misses you. The lemure barely misses you.
The orc wizard misses you.
Unknown command.
You closely miss the orc wizard.
The orc wizard is almost dead.
Pikel is engulfed in noxious fumes.
Pikel barely misses the lemure.
Pikel hits himself but does no damage.
The lemure hits you!
* * * LOW HITPOINT WARNING * * *
The orc wizard hits you but does no damage.
The orc is engulfed in noxious fumes.
The orc appears confused.
Unknown command.
You closely miss the orc wizard.
The orc wizard is almost dead.
The orc wizard casts a spell at you. The magic dart hits you.
* * * LOW HITPOINT WARNING * * *
The orc barely misses you. The lemure hits you.
You die...

............##..##
............## .....
..............##..##
...................#
...................##..
.............#.<.......
∩.....................
#....(..)o#......##. .....
##......Ko@#......#
......#.....##o5##...o....
.o...##....>.#l#...........
......#....o.#o#.[.........
.......####.5.............
#...# ##..........
#...#####...........
#............#......
#.K#..##...#........


You could see Pikel (confused), 2 lemures, an iguana, an orc wizard (very
drained) and 3 orcs.

Vanquished Creatures
  2 centaurs (D:8)
  A scorpion (D:4)
  A bullfrog (D:6)
  2 adders
  A white imp (D:6)
  4 orcs
  3 endoplasms
  A giant cockroach (D:4)
  2 goblins (D:2)
  2 kobolds
  6 ball pythons
  4 bats
  A frilled lizard (D:1)
  4 rats
34 creatures vanquished.

Notes
Turn   | Place    | Note
-------+----------+-------------------------------------------
     0 | D:1      | Spectrina the Merfolk Reaver began the quest for the Orb.
     0 | D:1      | Reached XP level 1. HP: 16/16 MP: 3/3
   210 | D:1      | Reached XP level 2. HP: 22/22 MP: 5/5
   425 | D:2      | Reached skill level 5 in Polearms
   535 | D:3      | Reached XP level 3. HP: 17/27 MP: 6/6
   538 | D:3      | Learned a level 2 spell: Cigotuvi's Dreadful Rot
   538 | D:3      | Upgraded the game from 0.30-a0-702-gdf48620a09 to
                  | 0.30-a0-711-gf4ac18a38d
   567 | D:5      | Entered Level 5 of the Dungeon
   567 | D:5      | Noticed a scorpion
   797 | D:4      | Noticed a scorpion
   844 | D:4      | Killed a scorpion
   845 | D:4      | Reached XP level 4. HP: 21/33 MP: 7/7
   868 | D:4      | Learned a level 3 spell: Mephitic Cloud
   892 | D:4      | Noticed a water moccasin
  1170 | D:6      | You fall into a shaft and drop 3 floors!
  1200 | D:9      | Noticed a hornet
  1225 | D:8      | Noticed a centaur
  1235 | D:8      | Killed a centaur
  1236 | D:8      | Reached skill level 6 in Polearms
  1236 | D:8      | Reached skill level 1 in Necromancy
  1236 | D:8      | Reached skill level 1 in Air Magic
  1236 | D:8      | Reached skill level 1 in Poison Magic
  1236 | D:8      | Reached XP level 5. HP: 15/34 MP: 4/8
  1240 | D:8      | Noticed a centaur
  1255 | D:8      | Killed a centaur
  1256 | D:8      | Reached XP level 6. HP: 12/42 MP: 5/10
  1268 | D:8      | Learned a level 2 spell: Momentum Strike
  1271 | D:8      | Learned a level 2 spell: Poisonous Vapours
  1553 | D:6      | Noticed an orc warrior
  1634 | D:7      | Noticed Pikel
  1650 | D:7      | Found Errapaq's Book Shop.
  1663 | D:7      | Slain by a lemure

Illustrated notes

Levels and vault maps discovered:
D:1:      onia_arrival_pentagram, layout_loops_ring,
          shapermc_ecumenical_altar_hornbeckon, serial_bayou,
          serial_bayou_pond_a, serial_bayou_pond_e, serial_bayou_lake_a,
          serial_bayou_pond_d, serial_bayou_lagoon_a
D:2:      layout_loops_ring, feat_on_display
D:3:      layout_basic, uniq_natasha
D:4:      layout_rooms
D:5:      layout_cave_pods, nicolae_hepliaklqana_hazy_memory, temple_green,
          serial_bayou_crossing
D:6:      nicolae_cairo_tiling_large, layout_rooms, serial_shops,
          nicolae_shop_temple_entry_statues_fountains
D:7:      layout_cave_pools, serial_shops, shop, kennysheep_mini_moat,
          nicolae_shop_statue_plus, shop, uniq_pikel
D:8:      layout_gridville
D:9:      lemuel_slime, layout_loops_ring

Skill      XL: |  1  2  3  4  5 |
---------------+----------------+-----
Polearms       | 5 6 |  6.0
Necromancy     | 1 |  1.6
Air Magic      | 1 |  1.7
Poison Magic   | 1 2 |  2.3
Conjurations   | 3 |  3.1
Fighting       | |  2.1
Dodging        | |  2.6
Stealth        | |  0.6
Spellcasting   | |  2.8

Action                     |  1- 3 |  4- 6 || total
---------------------------+-------+-------++-------
  Melee: Spear             |    85 |    54 ||   139
         Tailslap          |     2 |       ||     2
         Quarterstaff      |       |    10 ||    10
   Fire: Arbalest          |       |     3 ||     3
  Throw: Dart              |     4 |     4 ||     8
         Boomerang         |       |     1 ||     1
   Cast: Cigotuvi's Dreadf |       |     4 ||     4
         Kiss of Death     |       |     2 ||     2
         Mephitic Cloud    |       |     2 ||     2
         Momentum Strike   |       |     1 ||     1
    Use: Scroll            |     6 |     2 ||     8
         Potion            |     1 |     4 ||     5
   Stab: Sleeping          |     3 |       ||     3
 Armour: Leather armour    |    23 |    31 ||    54
  Dodge: Dodged            |    44 |    58 ||   102

Table legend: (Time is in decaauts)
 A = Elapsed time spent in this place.
 B = Non-inter-level travel time spent in this place.
 C = Inter-level travel time spent in this place.
 D = Time resting spent in this place.
 E = Time spent auto-exploring this place.
 F = Levels seen in this place.
 G = Mean time per level.
                   A        B        C        D        E       F      G
               +--------+--------+--------+--------+--------+-----+--------+
         Total |   1604 |   1511 |     93 |      0 |      0 |   9 |  178.2 |
       Dungeon |   1604 |   1511 |     93 |      0 |      0 |   9 |  178.2 |
               +--------+--------+--------+--------+--------+-----+--------+

Top non-repeatable levels by time:
     D:3: 381 daAuts
     D:6: 287 daAuts
     D:1: 228 daAuts
     D:4: 220 daAuts
     D:2: 175 daAuts
     D:8: 146 daAuts
     D:5: 73 daAuts
     D:9: 54 daAuts
     D:7: 37 daAuts
